 Dungeon Crawl Stone Soup version 0.23-a0-143-g1adec7b (webtiles) character file.

58 galech the Chopper (level 3, -1/29 HPs)
             Began as a Demonspawn Monk on Sept 3, 2018.
             Slain by an adder (3 damage)
             ... on level 2 of the Dungeon.
             The game lasted 00:01:44 (1522 turns).

galech the Chopper (Demonspawn Monk)                Turns: 1522, Time: 00:01:45

Health: -1/29      AC:  3    Str: 11    XL:     3   Next: 76%
Magic:  0/3        EV: 13    Int: 11    God:
Gold:   58         SH:  0    Dex: 16    Spells: 2/2 levels left

rFire    . . .     SeeInvis .   a - +0 hand axe
rCold    . . .     Gourm    .   (no shield)
rNeg     . . .     Faith    .   b - +0 robe
rPois    .         Spirit   +   (no helmet)
rElec    .         Reflect  .   (no cloak)
rCorr    .         Harm     .   e - +0 pair of gloves
MR       .....                  (no boots)
Stlth    ++........             i - amulet of the acrobat
HPRegen  0.09/turn              (no ring)
MPRegen  0.08/turn              (no ring)

@: lethally poisoned (-1 -> -25)
A: magic shield, rot immunity
a: no special abilities


You were on level 2 of the Dungeon.
You were not hungry.

You visited 1 branch of the dungeon, and saw 2 of its levels.

You collected 58 gold pieces.

Inventory:

Hand Weapons
 a - a +0 hand axe (weapon)
Armour
 b - a +0 robe (worn)
 e - a +0 pair of gloves (worn)
Jewellery
 i - an amulet of the acrobat (around neck)
Scrolls
 f - 3 scrolls of teleportation {unknown}
 g - 3 scrolls of fear {unknown}
 h - a scroll of remove curse {unknown}
 j - a scroll of blinking {unknown}
 l - a scroll of identify {unknown}
Potions
 d - a potion of curing {unknown}
 m - a potion of lignification {unknown}
Comestibles
 c - 3 rations
 k - 2 chunks of flesh


   Skills:
 + Level 3.3 Fighting
 + Level 3.5 Axes
 + Level 3.1 Dodging
 + Level 2.3 Stealth


You had 2 spell levels left.
You didn't know any spells.
Your spell library was empty.

Dungeon Overview and Level Annotations

Branches:
Dungeon (2/15)

Altars:
Dithmenos


Innate Abilities, Weirdness & Mutations

When hurt, damage is shared between your health and your magic reserves.
You are immune to rotting.


Message History

The adder is heavily wounded.
You hit the adder but do no damage. You hit the hobgoblin.
You feel sick. The adder bites you.
* * * LOW HITPOINT WARNING * * *
You are more poisoned.
The adder poisons you! The adder bites you but does no damage.
The hobgoblin misses you. The adder closely misses you.
You barely miss the adder.
The adder is heavily wounded.
You barely miss the adder. You barely miss the frilled lizard.
You hit the hobgoblin.
* * * LOW HITPOINT WARNING * * *
You feel sick. The adder barely misses you. The hobgoblin hits you.
* * * LOW HITPOINT WARNING * * *
The adder bites you.
You are more poisoned.
The adder poisons you!
The frilled lizard bites you but does no damage.
The adder bites you.
You die...

.######.................
...≈≈≈..≈...........(...
..≈≈..............######
≈≈≈≈≈≈≈≈..........# ###
≈≈≈≈≈≈≈≈≈.........# #..
≈≈≈≈≈≈≈.≈.........# #..
≈..≈≈≈≈≈.#####...## #..
♣_.≈≈l.≈# #...# #..
≈≈♣≈≈≈S@.# #...# #..
≈≈≈≈≈≈Sg≈# ...# #..
≈≈≈≈≈≈≈.≈# .# #..
≈≈≈≈≈≈≈≈.# #..
.≈.≈..≈..# ###
..≈.≈≈..≈# ##########


You could see 2 adders, a hobgoblin and a frilled lizard.

Vanquished Creatures
  An adder (D:2)
  2 dart slugs
  A leopard gecko (D:2)
  A giant cockroach (D:1)
  5 hobgoblins (D:1)
  3 jackals (D:1)
  A quokka (D:2)
  9 bats
  3 frilled lizards
  3 goblins (D:1)
  9 kobolds
  4 rats
42 creatures vanquished.

Notes
Turn   | Place    | Note
-------+----------+-------------------------------------------
     0 | D:1      | galech the Demonspawn Monk began the quest for the Orb.
     0 | D:1      | Reached XP level 1. HP: 18/18 MP: 1/1
   235 | D:1      | Gained mutation: You are immune to rotting. [demonic
                  | ancestry]
   235 | D:1      | Reached XP level 2. HP: 21/24 MP: 2/2
   657 | D:1      | Gained mutation: When hurt, damage is shared between your
                  | health and your magic reserves. [demonic ancestry]
   657 | D:1      | Reached XP level 3. HP: 22/29 MP: 3/3
  1087 | D:2      | Found a shadowy altar of Dithmenos.
  1512 | D:2      | Found a faded altar of an unknown god.
  1522 | D:2      | Slain by an adder

Vault maps used:
D:1:      sevenhm_arrival_forest_fort_small_3
D:2:      nicolae_dithmenos_through_a_glass_darkly,
          chequers_ecumenical_altar_island

Skill      XL: |  1  2 |
---------------+-------+-----
Axes           | 3 |  3.5
Dodging        | 3 |  3.1
Stealth        | 2 |  2.3
Fighting       | |  3.3

Action                   || total
-------------------------++-------
Melee: Hand axe          ||   127
 Stab: Sleeping          ||    10
  Eat: Chunk             ||     2
Armor: Robe              ||    32
Dodge: Dodged            ||   110

Table legend:
 A = Non-vault XP
 B = Vault XP
 C = Vault XP percentage of total XP
 D = Non-vault monster count
 E = Vault monster count
 F = Vault count percentage of total count
                 A         B        C        D         E       F
            +---------+---------+-------+---------+---------+-------
      Total |      84 |       0 |   0.0 |      42 |       0 |   0.0
            +---------+---------+-------+---------+---------+-------
        D:1 |      53 |       0 |   0.0 |      31 |       0 |   0.0
        D:2 |      31 |       0 |   0.0 |      11 |       0 |   0.0
            +---------+---------+-------+---------+---------+-------
